 Dungeon Crawl Stone Soup version 0.31.0-32-g396128a36d (webtiles) character file.

Game seed: 6265895527322358094

121 SacredBeard the Cutter (level 4, -3/30 HPs)
             Began as a Vampire Enchanter on Mar 31, 2024.
             Slain by Jessica
             ... wielding a +0 club
              (5 damage)
             ... on level 3 of the Dungeon.
             The game lasted 00:02:28 (1778 turns).

SacredBeard the Cutter (Vampire Enchanter)          Turns: 1778, Time: 00:02:29

Health: -3/30      AC:  2    Str:  7    XL:     4   Next: 76%
Magic:  7/7        EV: 11    Int: 19    God:
Gold:   107        SH:  4    Dex: 14    Spells: 7/7 levels left

rFire   . . .        a - +1 dagger
rCold   . . .        i - +0 buckler
rNeg    . . .        b - +0 robe
rPois   .            (no helmet)
rElec   .            (no cloak)
rCorr   .            (no gloves)
SInv    +            (no boots)
Will    .....        (no amulet)
Stlth   +++          (no ring)
HPRegen 0.45/turn    (no ring)
MPRegen 0.10/turn

%: no passive effects
@: healing quickly
A: alive, fangs 3, see invisible, vampiric 2
a: Exsanguinate


You were on level 3 of the Dungeon.
You visited 1 branch of the dungeon, and saw 3 of its levels.

You collected 107 gold pieces.

Inventory:

Hand Weapons
 a - a +1 dagger (weapon)
Missiles
 f - 10 stones (quivered)
 l - 2 poisoned darts
Armour
 b - a +0 robe (worn)
 i - a +0 buckler (worn)
Scrolls
 d - a scroll of amnesia {unknown}
 g - a scroll of blinking {unknown}
 j - a scroll of identify {unknown}
 o - a scroll of immolation {unknown}
Potions
 c - 4 potions of invisibility
 e - 2 potions of ambrosia {unknown}
 h - 2 potions of lignification {unknown}
 k - a potion of berserk rage {unknown}
 m - a potion of resistance {unknown}
 n - 2 potions of curing {unknown}
 p - a potion of brilliance {unknown}


   Skills:
 * Level 5.1 Short Blades
 - Level 2.1 Dodging
 - Level 4.4 Stealth
 - Level 2.0 Spellcasting
 - Level 4.4 Hexes


You had 7 spell levels left.
You didn't know any spells.
Your spell library contained the following spells:

 Spells                   Type           Power      Damage    Failure   Level
 Confusing Touch          Hex            18%        N/A       14%         3
 Tukima's Dance           Hex            18%        N/A       14%         3
 Ensorcelled Hibernation  Hex/Ice        20%        N/A       17%         2
 Dazzling Flash           Conj/Hex       20%        N/A       34%         3


Dungeon Overview and Level Annotations

Branches:
Dungeon (3/15)

Altars:
Vehumet

Shops:
D:1 ([:   D:2 *

Annotations:
D:3 Jessica


Innate Abilities, Weirdness & Mutations

Your natural rate of healing is accelerated.
You have razor-sharp teeth.
You have supernaturally acute eyesight. (SInv)
You are afflicted with vampirism and can become a bat while bloodless.


Message History

Jessica is moderately wounded.
Jessica gestures at you while chanting. Pain shoots through your body!
You closely miss Jessica. Your bite misses Jessica.
Jessica is moderately wounded.
Jessica barely misses you.
You hit Jessica.
Jessica is heavily wounded.
Jessica hits you with a +0 club.
You hit Jessica.
Jessica is severely wounded.
You barely miss Jessica.
Jessica is severely wounded.
Jessica shouts, "I don't like beings like you!"
Jessica hits you with a +0 club.
You barely miss Jessica. You bite Jessica, but do no damage.
Jessica is severely wounded.
Jessica hits you with a +0 club.
You are too injured to fight recklessly!
You are too injured to fight recklessly!
You barely miss Jessica.
Jessica is severely wounded.
Jessica closely misses you.
You hit Jessica.
Jessica is severely wounded.
Jessica hits you with a +0 club.
* * * LOW HITPOINT WARNING * * *
You hit Jessica but do no damage.
Jessica is severely wounded.
Jessica hits you with a +0 club!
* * * LOW HITPOINT WARNING * * *
You barely miss Jessica.
Jessica is severely wounded.
Jessica hits you but does no damage.
You hit Jessica but do no damage.
Jessica is severely wounded.
You hit Jessica but do no damage. Your bite misses Jessica.
Jessica is severely wounded.
Jessica hits you with a +0 club.
You die...

#.# #.# #.#....#.####.##.#
#.###.# #.#....# # #.##.#
######.....# #.####.# #.##.#
#.......#### #.... #.##.#
#.#####.# #..# ##.####.##.# #.#
#.# ####..##............#
#.#####.###..........<.....###.
#.#................##..........
#.#.###.....##@........########
#.#.# #########@######
#.#.######## .# ##
###..........# #.# ..#
......######.# #.# .... #######
#.# #.# .# .... #.# #.# .# #.#.
#.# #.# .# #.#. #.# #.# #.#
#.#.


You could see Jessica.

Vanquished Creatures
  A bombardier beetle (D:3)
  A gnoll (D:1)
  3 adders
  A dart slug (D:1)
  4 ball pythons (D:1)
  2 bats (D:1)
  6 endoplasms
  A giant cockroach (D:1)
  8 goblins
  A hobgoblin (D:1)
  4 jackals (D:2)
  2 kobolds
  2 frilled lizards (D:1)
  5 rats
41 creatures vanquished.

Notes
Turn   | Place    | Note
-------+----------+-------------------------------------------
     0 | D:1      | SacredBeard the Vampire Enchanter began the quest for the
                  | Orb.
     0 | D:1      | Reached XP level 1. HP: 13/13 MP: 3/3
   110 | D:1      | Reached skill level 2 in Short Blades
   138 | D:1      | Reached XP level 2. HP: 19/19 MP: 5/5
   172 | D:1      | Reached skill level 3 in Short Blades
   295 | D:1      | Found Duiloapnao's Antique Weapon Shop.
   327 | D:1      | Found Zuhue's Antique Armour Shoppe.
   532 | D:1      | Gained mutation: You are afflicted with vampirism and can
                  | become a bat while bloodless. [Vampire growth]
   532 | D:1      | Reached XP level 3. HP: 20/24 MP: 6/6
   705 | D:1      | Found Unease's Book Boutique.
   816 | D:2      | Found a radiant altar of Vehumet.
   895 | D:2      | Reached skill level 4 in Short Blades
  1070 | D:2      | Found Ycvecol's Assorted Antiques.
  1143 | D:2      | Reached XP level 4. HP: 29/30 MP: 7/7
  1504 | D:3      | Reached skill level 5 in Short Blades
  1764 | D:3      | Noticed Jessica
  1775 | D:3      | HP: 1/30 [Jessica/+0 club (8)]
  1778 | D:3      | Slain by Jessica

Illustrated notes

Levels and vault maps discovered:
D:1:      amcnicky_arrival_gap_in_the_tavern_cellar, layout_loops_ring,
          serial_shops, nicolae_book_shop_shelving, nicolae_square_shop, shop
D:2:      layout_loops_ring, serial_shops, nicolae_shop_back_alley_shop,
          basic_altar
D:3:      layout_loops_ring, mainiacjoe_overflow_surrounded_room,
          lemuel_zombie_altar_yredelemnul, uniq_jessica, uniq_terence

Skill      XL: |  1  2  3  4 |
---------------+-------------+-----
Short Blades   | 2 3 4 5 |  5.1
Dodging        | |  2.1
Stealth        | |  4.4
Spellcasting   | |  2.0
Hexes          | |  4.4

Action                     |  1- 3 |  4- 6 || total
---------------------------+-------+-------++-------
  Melee: Dagger            |   124 |    43 ||   167
         Punch             |     1 |       ||     1
         Bite              |    10 |     4 ||    14
   Stab: Sleeping          |     5 |     2 ||     7
 Armour: Robe              |    50 |    20 ||    70
  Dodge: Dodged            |    54 |    13 ||    67
  Block: Buckler           |    11 |     7 ||    18
